 Dungeon Crawl Stone Soup version 0.29-a0-330-g52719c12eb (webtiles) character file.

Game seed: 17294396643858202217

2829 kae the Arsonist (level 9, -2/62 HPs)
             Began as a Demigod Fire Elementalist on May 21, 2022.
             Killed from afar by a steam dragon (21 damage)
             ... with a ball of steam
             ... on level 7 of the Dungeon.
             The game lasted 00:06:55 (9704 turns).

kae the Arsonist (Demigod Fire Elementalist)        Turns: 9704, Time: 00:06:56

Health: -2/62      AC:  3    Str:  9    XL:     9   Next: 21%
Magic:  4/20       EV: 12    Int: 29    God:
Gold:   337        SH:  0    Dex: 14    Spells: 5/18 levels left

rFire   . . .      SeeInvis .   f - +2 broad axe (elec)
rCold   . . .      Faith    .   (no shield)
rNeg    . . .      Spirit   .   a - +1 robe
rPois   +          Reflect  .   (no helmet)
rElec   .          Harm     .   (no cloak)
rCorr   .          Rampage  .   (no gloves)
Will    +....                   (no boots)
Stlth   ++........              (no amulet)
HPRegen 0.20/turn               c - ring of willpower
MPRegen 0.17/turn               t - ring of poison resistance

@: no status effects
A: high MP 1, forlorn, divine attributes
a: no special abilities


You were on level 7 of the Dungeon.
You visited 1 branch of the dungeon, and saw 7 of its levels.

You collected 337 gold pieces.

Inventory:

Hand Weapons
 f - a +2 broad axe of electrocution (weapon)
Missiles
 g - a throwing net
Armour
 a - a +1 robe (worn)
Jewellery
 c - a ring of willpower (left hand)
 o - a ring of flight
 t - a ring of poison resistance (right hand)
Wands
 e - a wand of charming (7)
Scrolls
 d - 2 scrolls of enchant armour
 m - a scroll of identify
 p - 2 scrolls of fear
 r - a scroll of holy word
 u - a scroll of immolation {unknown}
 v - a scroll of torment {unknown}
Potions
 b - a potion of brilliance
 h - 2 potions of flight
 i - a potion of resistance
 j - 3 potions of degeneration
 k - a potion of might
 l - a potion of berserk rage
 n - a potion of mutation
 q - a potion of attraction
 s - a potion of curing {unknown}


   Skills:
 - Level 1.7 Dodging
 - Level 1.7 Stealth
 + Level 5.1 Spellcasting
 * Level 7.6 Conjurations
 * Level 8.1 Fire Magic


You had 5 spell levels left.
You knew the following spells:

 Your Spells              Type           Power      Damage    Failure   Level
a - Foxfire               Conj/Fire      100%       2x1d9     1%          1
b - Scorch                Fire           100%       2d10      1%          2
c - Conjure Flame         Conj/Fire      52%        6-21      1%          3
d - Inner Flame           Hex/Fire       31%        N/A       3%          3
e - Flame Wave            Conj/Fire      52%        2d11      2%          4

Your spell library contained the following spells:

 Spells                   Type           Power      Damage    Failure   Level
 Sticky Flame             Conj/Fire      52%        2d7       2%          4
 Ignite Poison            Fire/Tmut/Pois 23%        N/A       6%          3
 Blink                    Tloc           14%        N/A       10%         2
 Lesser Beckoning         Tloc           7%         N/A       19%         3
 Animate Dead             Necr           3%         N/A       52%         4
 Summon Ice Beast         Ice/Summ       7%         N/A       52%         4
 Manifold Assault         Tloc           7%         N/A       86%         5
 Summon Mana Viper        Hex/Summ       7%         N/A       86%         5
 Haunt                    Necr/Summ      3%         N/A       100%        7
 Monstrous Menagerie      Summ           3%         N/A       100%        7
 Infestation              Necr           3%         N/A       100%        8


Dungeon Overview and Level Annotations

Branches:
Dungeon (7/15)             Temple (0/1) D:7

Annotations:
D:7 exclusion: steam dragon, Maggie


Innate Abilities, Weirdness & Mutations

You have an increased reservoir of magic. (+10% MP)
You shall have no god before yourself.
Your divine heritage dramatically boosts your attributes as you level up.


Message History

Casting: Scorch (safe; 1% risk of failure)
Confirm with . or Enter, or press ? or * to list all spells.
Flames lash the ice beast.
The ice beast melts!
You kill the ice beast!
Casting: Scorch (safe; 1% risk of failure)
Confirm with . or Enter, or press ? or * to list all spells.
The fire begins to smoulder!
Casting: Conjure Flame (safe; 1% risk of failure)
Confirm with . or Enter, or press ? or * to list all spells.
The fire ignites!
You are engulfed in blazing flames.
The steam dragon bites you but does no damage.
The steam dragon closely misses you.
The steam dragon attacks as you move away!
The steam dragon bites you! The steam dragon barely misses you.
Casting: Conjure Flame (safe; 1% risk of failure)
Confirm with . or Enter, or press ? or * to list all spells.
Flames lash the steam dragon.
The steam dragon is lightly wounded.
The steam dragon's fire resistance burns away.
The steam dragon breathes steam at you. The ball of steam misses you.
Casting: Scorch (safe; 1% risk of failure)
Confirm with . or Enter, or press ? or * to list all spells.
Flames lash the steam dragon.
The steam dragon is burned terribly!
The steam dragon is almost dead.
You are engulfed in a cloud of scalding steam.
You are engulfed in a cloud of scalding steam.
* * * LOW HITPOINT WARNING * * *
Casting: Scorch (safe; 1% risk of failure)
Confirm with . or Enter, or press ? or * to list all spells.
You conjure some foxfire!
The foxfire hits the steam dragon but does no damage.
The steam dragon is severely wounded.
The foxfire hits the steam dragon but does no damage.
The steam dragon is severely wounded.
The steam dragon breathes steam at you. The ball of steam misses you.
The steam dragon breathes steam at you. The ball of steam hits you!!
You die...

#.#..........
#.#.........#
#.#.#######.#
###.#.# #.....
#...#.# #.##.#
#.##..# #.#...
#...######.#.#.
#######.#..........
#§@.....#.##.###.#.
#§####### #.......
#§##........####.#.
#D....... .. #.#.
####........ #.#.
....... #.#. ......
#.#. ...#.# #.#. #
....


You could see a steam dragon (catching breath, combustible).

Vanquished Creatures
  Prince Ribbit (D:7)
  A steam dragon (D:7)
  Menkaure (D:7)
  2 water moccasins
  A sky beast (D:7)
  An ice beast (D:7)
  2 black bears
  3 ogres
  A centaur (D:4)
  A phantom (D:4)
  A kobold brigand (D:7)
  A bullfrog (D:7)
  Blork the orc (D:6)
  4 scorpions
  3 wights (D:7)
  A centaur zombie (D:3)
  5 hounds
  4 orc priests (D:5)
  3 iguanas
  A gnoll shaman (D:4)
  4 orc wizards
  A howler monkey skeleton (D:3)
  10 gnolls
  4 adders
  2 shadow imps
  A white imp (D:6)
  An adder skeleton (D:3)
  A worm (D:2)
  4 dart slugs (D:1)
  24 orcs
  9 bats
  7 endoplasms
  2 giant cockroaches
  9 goblins
  3 hobgoblins
  13 jackals
  5 quokkas
  6 ball pythons
  3 frilled lizards
  11 kobolds
  A quokka skeleton (D:3)
  5 rats
  A butterfly (D:7)
165 creatures vanquished.

Vanquished Creatures (collateral kills)
  3 foxfires (D:3)
3 creatures vanquished.

Vanquished Creatures (others)
  587 foxfires
587 creatures vanquished.

Grand Total: 755 creatures vanquished

Notes
Turn   | Place    | Note
-------+----------+-------------------------------------------
     0 | D:1      | kae the Demigod Fire Elementalist began the quest for the
                  | Orb.
     0 | D:1      | Reached XP level 1. HP: 14/14 MP: 5/5
    55 | D:1      | Reached skill level 1 in Conjurations
   143 | D:1      | Reached XP level 2. HP: 12/20 MP: 5/7
   145 | D:1      | Reached skill level 3 in Fire Magic
   472 | D:1      | Learned a level 2 spell: Scorch
   918 | D:1      | Reached XP level 3. HP: 26/26 MP: 3/8
  1048 | D:1      | Learned a level 3 spell: Conjure Flame
  2189 | D:2      | Reached XP level 4. HP: 22/33 MP: 3/10
  2975 | D:3      | Reached skill level 4 in Fire Magic
  2975 | D:3      | Reached XP level 5. HP: 22/38 MP: 2/11
  4337 | D:4      | Noticed a centaur
  4343 | D:4      | Killed a centaur
  4344 | D:4      | Reached XP level 6. HP: 34/45 MP: 8/13
  5243 | D:5      | Entered Level 5 of the Dungeon
  5310 | D:5      | Reached skill level 5 in Fire Magic
  5693 | D:5      | Reached XP level 7. HP: 50/50 MP: 7/15
  6284 | D:5      | Reached skill level 5 in Conjurations
  6494 | D:5      | Reached skill level 6 in Fire Magic
  6610 | D:5      | Learned a level 3 spell: Inner Flame
  6615 | D:5      | Learned a level 4 spell: Flame Wave
  6874 | D:6      | Noticed Blork the orc
  6886 | D:6      | Killed Blork the orc
  6887 | D:6      | Reached XP level 8. HP: 34/57 MP: 10/17
  8007 | D:7      | Reached skill level 7 in Fire Magic
  8153 | D:7      | Noticed Prince Ribbit
  8167 | D:7      | Killed Prince Ribbit
  8381 | D:7      | Noticed Maggie
  8641 | D:7      | Noticed Menkaure
  8656 | D:7      | Killed Menkaure
  8869 | D:7      | Reached XP level 9. HP: 62/62 MP: 12/19
  9053 | D:7      | Found a staircase to the Ecumenical Temple.
  9109 | D:7      | Reached skill level 5 in Spellcasting
  9112 | D:7      | Reached skill level 8 in Fire Magic
  9704 | D:7      | Killed from afar by a steam dragon

Illustrated notes

Levels and vault maps discovered:
D:1:      dpeg_arrival_court, layout_basic, dreamdust_ecumenical_altar_statues,
          fountainhead
D:2:      layout_basic
D:3:      layout_rooms, serial_undead, serial_undead_b, serial_undead_b,
          serial_undead_a, serial_undead_b
D:4:      layout_loops_corners
D:5:      layout_basic, lemuel_flamethrower_1
D:6:      layout_cave_pods, mainiacjoe_overflow_large_starburst,
          hangedman_decor_lopped, uniq_blork_the_orc
D:7:      cheibrodos_iron_armory, layout_basic, minmay_temple_entry_butterflies,
          uniq_maggie, uniq_prince_ribbit1, uniq_menkaure

Skill      XL: |  1  2  3  4  5  6  7  8  9 |
---------------+----------------------------+-----
Conjurations   | 1 2 3 4 5 7 |  7.6
Fire Magic     | 3 4 5 6 7 8 |  8.1
Spellcasting   | 2 3 4 5 |  5.1
Dodging        | |  1.7
Stealth        | |  1.7

Action                   |  1- 3 |  4- 6 |  7- 9 || total
-------------------------+-------+-------+-------++-------
Melee: Broad axe         |     5 |     1 |     1 ||     7
 Cast: Foxfire           |    81 |   132 |   129 ||   342
       Scorch            |     8 |    22 |    38 ||    68
       Conjure Flame     |       |     1 |     9 ||    10
       Flame Wave        |       |       |     1 ||     1
  Use: Potion            |     1 |       |     1 ||     2
       Scroll            |     4 |     8 |     5 ||    17
Armor: Robe              |     5 |    12 |     8 ||    25
Dodge: Dodged            |    34 |    30 |    52 ||   116

Table legend: (Time is in decaauts)
 A = Elapsed time spent in this place.
 B = Non-inter-level travel time spent in this place.
 C = Inter-level travel time spent in this place.
 D = Time resting spent in this place.
 E = Time spent auto-exploring this place.
 F = Levels seen in this place.
 G = Mean time per level.
                   A        B        C        D        E       F      G
               +--------+--------+--------+--------+--------+-----+--------+
         Total |   9705 |   9600 |    105 |    716 |   7571 |   7 | 1386.4 |
       Dungeon |   9705 |   9600 |    105 |    716 |   7571 |   7 | 1386.4 |
               +--------+--------+--------+--------+--------+-----+--------+

Top non-repeatable levels by time:
     D:7: 1824 daAuts
     D:5: 1593 daAuts
     D:4: 1533 daAuts
     D:1: 1445 daAuts
     D:2: 1178 daAuts
     D:3: 1088 daAuts
     D:6: 1041 daAuts
